Map: Prion Terraces

Players

LilDicky

  • Race: Terran Terran
  • League: Diamond

ffinisherr - Winner!

  • Race: Terran Terran
  • League: Gold

VOD

http://www.twitch.tv/tumescentpie

Description

Time

  • Played on: Nov. 27, 2015, 8:54 a.m.
  • Length: 6:27
Show
View Real Time Build Order
Export as new Build Order

LilDicky Terran 

Build Orders: Banshee Rush 

Get SALT Encoding   

  12  0:01  SCV  
  13  0:13  SCV  
  14  0:18  Supply Depot  
  14  0:26  SCV  
  15  0:39  SCV, Refinery  
  16  0:46  Barracks  
  16  0:51  SCV  
  17  1:04  SCV  
  18  1:16  SCV  
  19  1:28  SCV  
  19  1:32  Marine  
  20  1:36  Supply Depot  
  21  1:40  Orbital Command  
  21  1:44  Factory  
  21  1:50  Marine  
  22  2:09  SCV, Marine  
  24  2:16  Refinery  
  24  2:22  Supply Depot, SCV  
  25  2:28  Factory Tech Lab  
  25  2:30  Starport  
  25  2:42  SCV  
  26  2:54  SCV  
  27  3:00  Command Center  
  27  3:03  Supply Depot  
  27  3:16  Banshee  
  30  3:24  Marine  
  31  3:28  Cloaking Field  
  31  3:31  Widow Mine  
  31  3:32  Barracks x2  
  33  3:34  SCV  
  33  3:40  Engineering Bay  
  35  3:57  SCV  
  35  4:03  Banshee  
  35  4:04  Factory Tech Lab  
  35  4:05  Barracks Reactor  
  35  4:09  SCV  
  39  4:11  Missile Turret  
  39  4:28  Barracks Tech Lab  
  39  4:30  Barracks Tech Lab  
  39  4:32  SCV  
  39  4:33  Orbital Command  
  39  4:36  Refinery  
  39  4:38  Refinery  
  40  4:58  Marine x2  
  40  4:59  Marine  
  43  5:00  SCV x2  
  42  5:12  SCV x2  
  47  5:24  SCV  
  32  5:59  Barracks  
  32  6:00  Barracks  
  32  6:01  Barracks  
  32  6:04  Barracks  
Show
View Real Time Build Order
Export as new Build Order

ffinisherr Terran - Winner!

Build Orders: MMM Bio 

Get SALT Encoding   

  12  0:07  SCV  
  13  0:16  Supply Depot  
  13  0:19  SCV  
  14  0:31  SCV  
  15  0:38  Barracks  
  15  0:45  SCV, Refinery  
  16  0:57  SCV  
  17  1:09  SCV  
  18  1:21  SCV  
  19  1:25  Supply Depot  
  19  1:26  Barracks Tech Lab  
  19  1:34  Orbital Command  
  19  1:48  Refinery  
  19  1:57  Stimpack  
  19  1:58  Barracks  
  19  2:00  Barracks  
  19  2:03  Marine  
  19  2:06  SCV  
  21  2:18  SCV  
  22  2:24  Marine  
  23  2:34  Factory  
  23  2:39  SCV  
  23  2:42  Supply Depot  
  24  2:49  Supply Depot, Marine  
  25  2:54  Marine  
  25  2:58  Marine  
  27  3:05  Supply Depot  
  27  3:07  Marine  
  28  3:20  Starport  
  28  3:24  Marine x2  
  28  3:26  Factory Reactor  
  30  3:37  Supply Depot, Marine  
  31  3:41  Marine  
  31  3:42  Marine  
  33  3:58  Combat Shields  
  33  4:08  Medivac x2  
  33  4:09  Widow Mine  
  39  4:10  Marine x2  
  39  4:11  Marine  
  42  4:28  Marine x3  
  45  4:37  Widow Mine  
  47  4:46  Marine  
  47  4:49  Marine x2  
  45  5:04  Marine  
  46  5:07  Marine  
  42  5:43  Marine  
  42  5:44  Marine x2  
  37  6:01  Marine x2  
  35  6:11  SCV  
Tags
 
Add a new tag
Caveats
  • Supply blocks, unpowered buildings, or Contaminate may cause inaccurate times.
  • Supply counts are checked every 10 seconds.